 Dungeon Crawl Stone Soup version 0.28.0-53-g5a82cb258f (webtiles) character file.

Game seed: 16741924593348715874

98 DungeonMaster the Sneak (level 4, -2/31 HPs)
             Began as an Octopode Delver on July 10, 2022.
             Slain by a phantom (3 damage)
             ... on level 4 of the Dungeon.
             The game lasted 00:01:55 (543 turns).

DungeonMaster the Sneak (Octopode Delver)            Turns: 543, Time: 00:01:55

Health: -2/31      AC:  1    Str: 11    XL:     4   Next: 71%
Magic:  4/4        EV: 13    Int: 12    God:
Gold:   25         SH:  4    Dex: 15    Spells: 3/3 levels left

rFire   . . .      SeeInvis .   a - +0 short sword
rCold   . . .      Faith    .   h - +0 buckler
rNeg    . . .      Spirit   .   (helmet restricted)
rPois   .          Reflect  .   (no amulet)
rElec   .          Harm     .   (no ring)
rCorr   .          Rampage  .   (no ring)
Will    .....                   (no ring)
Stlth   +++++.....              (no ring)
HPRegen 0.10/turn               (no ring)
MPRegen 0.09/turn               (no ring)
                                (no ring)
                                (no ring)

@: no status effects
A: almost no armour, amphibious, 8 rings, camouflage 1, gelatinous body 1,
(nimble swimmer 1), tentacles
a: no special abilities


You were on level 4 of the Dungeon.
You visited 1 branch of the dungeon, and saw 3 of its levels.

You collected 25 gold pieces.

Inventory:

Hand Weapons
 a - a +0 short sword (weapon)
Missiles
 i - 24 stones (quivered)
Armour
 h - a +0 buckler (worn)
Wands
 f - a wand of digging (3)
Scrolls
 b - a scroll of fog
 c - a scroll of magic mapping
 d - 2 scrolls of fear
 g - a scroll of identify {unknown}
Potions
 e - a potion of haste
 j - a potion of berserk rage {unknown}


   Skills:
 + Level 3.4 Fighting
 - Level 2.0 Short Blades
 * Level 3.1 Dodging
 * Level 7.4 Stealth
 * Level 1.7 Shields


You had 3 spell levels left.
You didn't know any spells.
Your spell library was empty.

Dungeon Overview and Level Annotations

Branches:
Dungeon (5/15)
 Temple: D:4-7

Altars:

Shops:
D:5 (


Innate Abilities, Weirdness & Mutations

You cannot wear most types of armour.
You are amphibious.
You can wear up to eight rings at the same time.
Your skin changes colour to match your surroundings (Stealth+).
Your rubbery body absorbs attacks. (AC +1, EV +1)
((You are camouflaged when in or above water. (Stealth+)))
You have tentacles for arms and can constrict up to eight enemies at once.


Message History

There is a stone staircase leading down here.
You climb downwards.
The phantom hits you.
There is a stone staircase leading up here.
You hit the phantom but do no damage. You block the phantom's attack.
You hit the phantom.
The phantom is lightly damaged.
The phantom hits you!
You miss the phantom.
The phantom is lightly damaged.
You block the phantom's attack.
You hit the phantom but do no damage.
The phantom is lightly damaged.
The phantom misses you.
You barely miss the phantom. Your squeeze misses the phantom.
The phantom is lightly damaged.
The phantom hits you!
You barely miss the phantom. You squeeze the phantom.
The phantom is lightly damaged.
The phantom closely misses you.
You closely miss the phantom.
The phantom is lightly damaged.
The phantom barely misses you.
You closely miss the phantom.
You squeeze the phantom, but do no damage.
The phantom is lightly damaged.
The phantom hits you!
* * * LOW HITPOINT WARNING * * *
You closely miss the phantom.
The phantom is lightly damaged.
You block the phantom's attack.
You miss the phantom.
The phantom is lightly damaged.
The phantom closely misses you.
You hit the phantom.
You squeeze the phantom, but do no damage.
The phantom is lightly damaged.
The phantom hits you!
* * * LOW HITPOINT WARNING * * *
The phantom hits you.
You die...

############
#......@...#
#.....W..>.#
#...$......#
#..........#
###.#........
#..#.........
#.
#..........#
.
#.###.######
#. #.#


You could see a phantom.

Vanquished Creatures
  A hound (D:3)
  2 iguanas
  An adder (D:5)
  A giant cockroach (D:3)
  3 jackals (D:3)
  5 frilled lizards (D:3)
  2 kobolds (D:3)
15 creatures vanquished.

Notes
Turn   | Place    | Note
-------+----------+-------------------------------------------
     0 | D:5      | DungeonMaster the Octopode Delver began the quest for the
                  | Orb.
     0 | D:5      | Reached XP level 1. HP: 16/16 MP: 1/1
    91 | D:5      | Reached XP level 2. HP: 21/21 MP: 2/2
   143 | D:5      | Found Xaol Vin's Weapon Shoppe.
   176 | D:5      | Reached skill level 7 in Stealth
   176 | D:5      | Reached XP level 3. HP: 26/26 MP: 3/3
   180 | D:4      | Noticed a phantom
   183 | D:4      | Reached skill level 1 in Shields
   183 | D:4      | Reached XP level 4. HP: 31/31 MP: 4/4
   543 | D:4      | HP: 1/31 [phantom (7)]
   543 | D:4      | Slain by a phantom

Illustrated notes

Levels and vault maps discovered:
D:3:      layout_loops_corners, grunt_ministairs_6, serial_bayou_crossing,
          uniq_terence, uniq_natasha
D:4:      layout_rooms, minivault_19, minmay_mini_ossuary, uniq_menkaure
D:5:      layout_basic, overflow_temple_1_default, serial_shops,
          nicolae_shop_trees, serial_bayou_pond_c, uniq_prince_ribbit1

Skill      XL: |  1  2  3  4 |
---------------+-------------+-----
Stealth        | 7 |  7.4
Shields        | 1 |  1.7
Dodging        | 3 |  3.1
Fighting       | |  3.4
Short Blades   | |  2.0

Action                   |  1- 3 |  4- 6 || total
-------------------------+-------+-------++-------
Melee: Short sword       |     4 |    34 ||    38
       Constrict         |     1 |     6 ||     7
       Tentacles         |       |    10 ||    10
       Punch             |       |     1 ||     1
 Stab: Sleeping          |     2 |     2 ||     4
Armor: Skin              |       |     2 ||     2
Dodge: Dodged            |     2 |    15 ||    17
Block: Buckler           |       |     5 ||     5
